 Dungeon Crawl Stone Soup version 0.28.0 (webtiles) character file.

Game seed: 10695820695294953324

89 jfcaron the Caller (level 4, -4/24 HPs)
             Began as a Tengu Summoner on Feb 12, 2022.
             Slain by Crazy Yiuf (7 damage)
             ... on level 2 of the Dungeon.
             The game lasted 00:05:04 (2183 turns).

jfcaron the Caller (Tengu Summoner)                 Turns: 2183, Time: 00:05:05

Health: -4/24      AC:  2    Str:  8    XL:     4   Next: 55%
Magic:  0/9        EV: 12    Int: 17    God:
Gold:   80         SH:  0    Dex: 15    Spells: 2/8 levels left

rFire   . . .      SeeInvis .   i - +0 spear
rCold   . . .      Faith    .   (no shield)
rNeg    . . .      Spirit   .   a - +0 robe
rPois   .          Reflect  .   (helmet restricted)
rElec   .          Harm     .   (no cloak)
rCorr   .          Rampage  .   (no gloves)
Will    .....                   (boots unavailable)
Stlth   ++........              (no amulet)
HPRegen 0.08/turn               (no ring)
MPRegen 0.11/turn               (no ring)

@: no status effects
A: beak, talons 3
a: no special abilities


You were on level 2 of the Dungeon.
You visited 1 branch of the dungeon, and saw 2 of its levels.

You collected 80 gold pieces.

Inventory:

Hand Weapons
 b - a +0 dagger of venom
 f - a +1 short sword of venom
 i - a +0 spear (weapon)
 n - a +7 antimagic flail
Missiles
 e - 92 stones
 j - 30 arrows
 l - 25 sling bullets
Armour
 a - a +0 robe (worn)
Scrolls
 c - 2 scrolls of identify {unknown}
 d - a scroll of torment {unknown}
 h - a scroll of magic mapping {unknown}
 k - a scroll of enchant armour {unknown}
Potions
 g - a potion of cancellation
 m - 2 potions of flight {unknown}


   Skills:
 - Level 2.3 Dodging
 - Level 2.2 Stealth
 + Level 2.8 Spellcasting
 * Level 6.2 Summonings


You had 2 spell levels left.
You knew the following spells:

 Your Spells              Type           Power      Damage    Failure   Level
a - Summon Small Mammal   Summ           92%        N/A       1%          1
b - Call Imp              Summ           23%        N/A       1%          2
c - Call Canine Familiar  Summ           23%        N/A       4%          3

Your spell library contained the following spells:

 Spells                   Type           Power      Damage    Failure   Level
 Slow                     Hex            8%         N/A       19%         1
 Summon Guardian Golem    Hex/Summ       13%        N/A       14%         3
 Summon Lightning Spire   Summ/Air       13%        N/A       43%         4
 Confusing Touch          Hex            2%         N/A       47%         3
 Vampiric Draining        Necr           2%         2d6       47%         3
 Airstrike                Air            1%         N/A       87%         4
 Lightning Bolt           Conj/Air       1%         1d12      99%         5


Dungeon Overview and Level Annotations

Branches:
Dungeon (2/15)

Altars:

Annotations:
D:2 Crazy Yiuf


Innate Abilities, Weirdness & Mutations

You have a beak for a mouth.
You have claws for feet.


Message History

Crazy Yiuf freezes your hound.
Your hound bites Crazy Yiuf but does no damage.
Crazy Yiuf hits your hound with a +2 quarterstaff of chaos!
Your hound dies!
Your hound's corpse disappears in a puff of smoke!
You reach to attack!
You barely miss Crazy Yiuf.
Crazy Yiuf is heavily wounded.
Your crimson imp hits Crazy Yiuf.
Crazy Yiuf closely misses your crimson imp.
Your crimson imp hits Crazy Yiuf but does no damage.
Crazy Yiuf says, "Aardvark cloud tortoise!"
Unknown command.
Casting: Call Canine Familiar (quite dangerous; 4% risk of failure)
Confirm with . or Enter, or press ? or * to list all spells.
You don't have enough magic to cast this spell.
Your crimson imp blinks!
Casting: Call Canine Familiar (quite dangerous; 4% risk of failure)
Confirm with . or Enter, or press ? or * to list all spells.
A beastly little devil appears in a puff of flame.
Your crimson imp disappears in a puff of smoke!
You swap places.
Crazy Yiuf hits you with a +2 quarterstaff of chaos!
Ouch! That really hurt!
* * * LOW HITPOINT WARNING * * *
You feel yourself slow down.
Your crimson imp hits Crazy Yiuf but does no damage.
Your crimson imp closely misses Crazy Yiuf.
Crazy Yiuf barely misses you.
Your crimson imp blinks!
Crazy Yiuf grits, "Announcement!"
Unknown command.
You aren't carrying any items that you can evoke.
It was a potion of cancellation.
Your magical effects are unravelling.
You feel magically purged.
You feel yourself speed up. Crazy Yiuf closely misses you.
Your crimson imp barely misses Crazy Yiuf.
Crazy Yiuf hits you with a +2 quarterstaff of chaos!
You die...

# ##.## # #..# # ###
♣♣##### # #)..#♣♣
♣♣..#.## #
#...5.♣♣♣♣......# #
#...#♣g.♣.....§.## #
### ♣♣♣.♣...#...## #
♣♣♣♣♣##g.).## #
#@5...# #
#############.....# ##
#.................#
.####................#
..###................#
#..#.................#
##....<.............##
##.........##.....##
#.........###..###


You could see Crazy Yiuf (ally target) and a friendly crimson imp (summoned).

Vanquished Creatures
  Terence (D:2)
  2 adders (D:2)
  A dart slug (D:1)
  6 bats
  2 endoplasms (D:2)
  4 giant cockroaches
  4 hobgoblins
  3 jackals (D:1)
  2 quokkas (D:1)
  2 ball pythons
  2 frilled lizards
  8 kobolds
  3 rats
40 creatures vanquished.

Notes
Turn   | Place    | Note
-------+----------+-------------------------------------------
     0 | D:1      | jfcaron the Tengu Summoner began the quest for the Orb.
     0 | D:1      | Reached XP level 1. HP: 10/10 MP: 4/4
   185 | D:1      | Reached XP level 2. HP: 15/15 MP: 4/6
   188 | D:1      | Learned a level 2 spell: Call Imp
   215 | D:1      | Reached skill level 5 in Summonings
   637 | D:1      | Found a faded altar of an unknown god.
   692 | D:1      | Reached XP level 3. HP: 14/19 MP: 2/7
   696 | D:1      | Learned a level 3 spell: Call Canine Familiar
  1578 | D:2      | Reached XP level 4. HP: 16/24 MP: 3/9
  1814 | D:2      | Reached skill level 6 in Summonings
  1910 | D:2      | Noticed Terence
  1920 | D:2      | Killed Terence
  2156 | D:2      | Found a runed translucent door.
  2157 | D:2      | Noticed Crazy Yiuf
  2180 | D:2      | HP: 3/24 [Crazy Yiuf (13)]
  2183 | D:2      | Slain by Crazy Yiuf

Illustrated notes

Levels and vault maps discovered:
D:1:      shiori_shiawase, layout_basic, chequers_ecumenical_altar_simple
D:2:      layout_rooms, uniq_crazy_yiuf_cottage, uniq_terence

Skill      XL: |  1  2  3  4 |
---------------+-------------+-----
Summonings     | 5 6 |  6.2
Dodging        | |  2.3
Stealth        | |  2.2
Spellcasting   | |  2.8

Action                   |  1- 3 |  4- 6 || total
-------------------------+-------+-------++-------
Melee: Dagger            |    42 |       ||    42
       Kick              |    12 |     3 ||    15
       Peck              |     5 |     1 ||     6
       Spear             |    11 |    11 ||    22
Throw: Stone             |       |     1 ||     1
 Cast: Summon Small Mamm |    21 |     6 ||    27
       Call Imp          |     8 |     4 ||    12
       Call Canine Famil |       |     4 ||     4
  Use: Potion            |       |     1 ||     1
 Stab: Sleeping          |     4 |       ||     4
       Distracted        |     1 |       ||     1
Armor: Robe              |    12 |     6 ||    18
Dodge: Dodged            |    44 |     8 ||    52
